 Dungeon Crawl Stone Soup version 0.28.0-43-g3370ac3207 (webtiles) character file.

Game seed: 5323531625876299072

2549 Aphynety the Zephyrmancer (level 9, -7/47 HPs)
             Began as a Tengu Air Elementalist on Mar 27, 2022.
             Was a Believer of Dithmenos.
             Mangled by a yak (13 damage)
             ... on level 7 of the Dungeon.
             The game lasted 01:02:24 (10194 turns).

Aphynety the Zephyrmancer (Tengu Air Elementalist) Turns: 10194, Time: 01:02:25

Health: -7/47      AC:  6    Str:  9    XL:     9   Next: 56%
Magic:  3/19       EV: 15    Int: 19    God:    Dithmenos [**....]
Gold:   288        SH:  0    Dex: 15    Spells: 14/21 levels left

rFire   + . .      SeeInvis .   m - staff of conjuration
rCold   + . .      Faith    .   (no shield)
rNeg    . . .      Spirit   .   k - +1 robe of the Valley of Death {rElec rC+}
rPois   .          Reflect  .   (helmet restricted)
rElec   +          Harm     .   (no cloak)
rCorr   +          Rampage  .   a - +2 pair of gloves
Will    .....                   (boots unavailable)
Stlth   +.........              (no amulet)
HPRegen 0.15/turn               b - ring of protection from fire
MPRegen 0.16/turn               t - ring of resist corrosion

@: silenced, flying quickly and evasively, wreathed by umbra, quick
A: beak, talons 3, nimble flight
a: Renounce Religion


You were on level 7 of the Dungeon.
You worshipped Dithmenos.
Dithmenos was pleased with you.
You visited 2 branches of the dungeon, and saw 8 of its levels.

You collected 321 gold pieces.
You spent 33 gold pieces at shops.

Inventory:

Missiles
 h - 4 atropa-tipped darts
Armour
 a - a +2 pair of gloves (worn)
 k - the +1 robe of the Valley of Death (worn) {rElec rC+}
   (You found it on level 2 of the Dungeon)

   rC:        It protects you from cold.
   rElec:     It insulates you from electricity.
Magical Staves
 m - a staff of conjuration (weapon)
 n - a staff of conjuration
 C - a staff of earth
Jewellery
 b - a ring of protection from fire (left hand)
 j - a ring of fire
 t - a ring of resist corrosion (right hand)
 v - an amulet of reflection
Scrolls
 c - a scroll of silence
 d - a scroll of enchant armour {unknown}
 l - 2 scrolls of enchant weapon
 o - a scroll of magic mapping {unknown}
 p - a scroll of identify {unknown}
 u - a scroll of noise {unknown}
 w - a scroll of fog {unknown}
 y - a scroll of holy word {unknown}
 B - a scroll of immolation {unknown}
Potions
 e - 2 potions of haste {unknown}
 f - 2 potions of flight {unknown}
 g - a potion of resistance {unknown}
 i - a potion of curing
 q - a potion of degeneration {unknown}
 r - a potion of heal wounds {unknown}
 s - a potion of mutation {unknown}
 x - a potion of brilliance {unknown}
 z - a potion of ambrosia {unknown}
 A - 2 potions of invisibility {unknown}


   Skills:
 - Level 1.0 Fighting
 - Level 1.0 Armour
 - Level 3.0 Dodging
 - Level 2.5 Stealth
 - Level 0.3 Unarmed Combat
 + Level 6.6 Spellcasting
 + Level 9.2 Conjurations
 + Level 10.4 Air Magic


You had 14 spell levels left.
You knew the following spells:

 Your Spells              Type           Power      Damage    Failure   Level
a - Shock                 Conj/Air       100%       1d9       1%          1
b - Airstrike             Air            22%        N/A       1%          4
c - Static Discharge      Conj/Air       60%        N/A       1%          2

Your spell library contained the following spells:

 Spells                   Type           Power      Damage    Failure   Level
 Swiftness                Air            45%        N/A       1%          3
 Gell's Gravitas          Tloc           6%         N/A       32%         3
 Lesser Beckoning         Tloc           6%         N/A       32%         3
 Teleport Other           Tloc           6%         N/A       32%         3
 Summon Forest            Summ/Tloc      3%         N/A       96%         5
 Summon Mana Viper        Hex/Summ       6%         N/A       96%         5
 Summon Cactus Giant      Summ           3%         N/A       100%        6


Dungeon Overview and Level Annotations

Branches:
Dungeon (7/15)             Temple (1/1) D:5

Altars:
Ashenzari
Dithmenos
Elyvilon
Fedhas
Gozag
Hepliaklqana
Kikubaaqudgha
Makhleb
Nemelex Xobeh
Okawaru
Qazlal
Sif Muna
Trog
Uskayaw
Vehumet
Wu Jian
Xom
Yredelemnul
Zin
The Shining One

Shops:
D:2 ?


Innate Abilities, Weirdness & Mutations

You have a beak for a mouth.
You have claws for feet.
Your magical nature lets you fly swiftly and evasively.


Message History

The zap hits the yak.
The yak is heavily wounded.
The zap hits the gnoll.
The gnoll is almost dead.
The yak misses you.
Casting: Shock (safe; 1% risk of failure)
Confirm with . or Enter, or press ? or * to list all spells.
Aiming: Shock (safe; 1% risk of failure)
Press: ? - help, Shift-Dir - straight line, f/p - gnoll
Aim: a gnoll, wielding a +0 flail (almost dead, 77% to hit)
You feel a surge of power!
The zap hits the yak.
You kill the yak!
Dithmenos accepts your kill.
The zap hits the gnoll!
The gnoll is severely wounded.
The zap hits the gnoll sergeant but does no damage.
The gnoll sergeant is moderately wounded.
The zap hits the gnoll!
You kill the gnoll!
Dithmenos accepts your kill.
Casting: Shock (safe; 1% risk of failure)
Confirm with . or Enter, or press ? or * to list all spells.
You feel a surge of power!
The gnoll is struck by an arc of lightning.
You kill the gnoll!
Dithmenos accepts your kill.
The lightning grounds out.
The gnoll sergeant barely misses you.
Casting: Static Discharge (safe; 1% risk of failure)
Confirm with . or Enter, or press ? or * to list all spells.
You feel a surge of power!
The yak is struck by an arc of lightning!
The yak is severely wounded.
You resist.
You are struck by an arc of lightning.
* * * LOW HITPOINT WARNING * * *
The lightning grounds out.
The gnoll sergeant misses you. The yak gores you!
* * * LOW HITPOINT WARNING * * *
As you read the scroll labelled WAUSEN DOUW, it crumbles to dust.
A profound silence engulfs you.
It was a scroll of silence.
The gnoll sergeant closely misses you. The yak gores you!
You die... # . ##. #.. ### #$# #..# # #g# #.#.# .# YY#

#.##.#####.# #.#.#
#.##....#
#####.####.##Y@..#
#...>†.))...)....#
#.########..g......#
#.# #............
#.# #.........###
#.# ####...#### #.#
#...# ###)# #...#
....# #####


You could see a yak and a gnoll sergeant.

Vanquished Creatures
  3 yaks (D:7)
  Menkaure (D:4)
  A water moccasin (D:6)
  The ghost of Sobaton the Conjurer, an amateur OpCj (D:4)
  Edmund (D:6)
  2 black bears (D:6)
  An ogre (D:5)
  A phantom (D:6)
  A kobold brigand (D:4)
  A scorpion (D:7)
  A water moccasin skeleton (D:5)
  4 wights (D:7)
  3 jellies
  A centaur zombie (D:6)
  A bullfrog zombie (D:3)
  5 hounds
  Crazy Yiuf (D:3)
  A bullfrog skeleton (D:5)
  2 centaur skeletons
  An orc wizard (D:4)
  7 iguanas
  A hound skeleton (D:4)
  2 howler monkey zombies
  15 gnolls
  6 adders
  2 white imps
  An ufetubus (D:5)
  An adder skeleton (D:4)
  2 worms
  2 dart slugs
  13 orcs
  4 bats
  4 endoplasms
  A giant cockroach (D:3)
  14 goblins
  19 hobgoblins
  5 jackals
  4 quokkas
  5 ball pythons
  2 goblin skeletons (D:3)
  2 goblin zombies (D:3)
  A hobgoblin zombie (D:3)
  8 kobolds
  A kobold skeleton (D:3)
  2 orc skeletons (D:3)
  3 orc zombies (D:3)
  4 rats
164 creatures vanquished.

Vanquished Creatures (others)
  3 plants (D:5)
3 creatures vanquished.

Grand Total: 167 creatures vanquished

Notes
Turn   | Place    | Note
-------+----------+-------------------------------------------
     0 | D:1      | Aphynety the Tengu Air Elementalist began the quest for the
                  | Orb.
     0 | D:1      | Reached XP level 1. HP: 10/10 MP: 4/4
   424 | D:1      | Reached XP level 2. HP: 15/15 MP: 1/6
   928 | D:1      | Reached XP level 3. HP: 19/19 MP: 0/7
  1919 | D:2      | Reached XP level 4. HP: 24/24 MP: 1/8
  1924 | D:2      | Learned a level 4 spell: Airstrike
  2334 | D:2      | Found Uzximeng's Magic Scroll Shop.
  2341 | D:2      | Bought a scroll of teleportation for 33 gold pieces
  2384 | D:2      | Identified the +1 robe of the Valley of Death {rElec rC+}
  2641 | D:2      | Reached skill level 5 in Air Magic
  3068 | D:3      | Found a shadowy altar of Dithmenos.
  3248 | D:3      | Found a glowing golden altar of the Shining One.
  3267 | D:3      | Gained mutation: Your magical nature lets you fly swiftly
                  | and evasively. [Tengu growth]
  3267 | D:3      | Reached XP level 5. HP: 26/28 MP: 5/10
  4072 | D:3      | Found a runed translucent door.
  4073 | D:3      | Noticed Crazy Yiuf
  4470 | D:3      | Became a worshipper of Dithmenos the Shadowed
  4557 | D:3      | Killed Crazy Yiuf
  4558 | D:3      | Reached skill level 1 in Armour
  4633 | D:4      | Reached XP level 6. HP: 33/33 MP: 3/11
  4764 | D:4      | Reached skill level 6 in Air Magic
  5092 | D:4      | Noticed Menkaure
  5508 | D:4      | Found a transporter.
  5524 | D:4      | Noticed Sobaton's ghost (amateur OpCj)
  5566 | D:4      | Found a transporter.
  5912 | D:4      | Killed Menkaure
  5913 | D:4      | Reached XP level 7. HP: 37/37 MP: 0/13
  6106 | D:5      | Entered Level 5 of the Dungeon
  6106 | D:5      | Found a shimmering blue altar of Sif Muna.
  6146 | D:5      | Reached skill level 5 in Conjurations
  6146 | D:5      | Reached skill level 7 in Air Magic
  6558 | D:5      | Reached * piety under Dithmenos
  6970 | D:5      | Reached XP level 8. HP: 33/42 MP: 15/15
  7051 | D:5      | Reached skill level 1 in Fighting
  7125 | D:5      | Reached skill level 8 in Air Magic
  7452 | D:5      | Reached ** piety under Dithmenos
  7644 | D:5      | Found a staircase to the Ecumenical Temple.
  7653 | Temple   | Entered the Ecumenical Temple
  8426 | D:6      | Reached skill level 5 in Spellcasting
  8926 | D:6      | Learned a level 2 spell: Static Discharge
  9012 | D:6      | Noticed Edmund
  9022 | D:6      | Killed Edmund
  9023 | D:6      | Reached skill level 9 in Air Magic
  9466 | D:4      | Killed Sobaton's ghost
  9467 | D:4      | Reached XP level 9. HP: 16/47 MP: 2/18
  9988 | D:7      | Found a burning altar of Makhleb.
 10179 | D:7      | Reached skill level 10 in Air Magic
 10194 | D:7      | Mangled by a yak

Illustrated notes

Levels and vault maps discovered:
D:1:      nicolae_arrival_washed_ashore, layout_loops_cross
D:2:      layout_loops_ring, serial_shops, nicolae_shop_waterfront
D:3:      layout_loops_ring, mainiacjoe_overflow_alcove_4,
          nicolae_tso_besieged_by_evil, uniq_crazy_yiuf_cottage
D:4:      layout_loops_ring, gammafunk_ghost_arena, kennysheep_generic_room_14,
          uniq_menkaure
D:5:      corexii_shantytown, layout_basic, overflow_temple_1_default,
          minmay_temple_entry_junction
D:6:      layout_gridville, uniq_edmund
D:7:      layout_loops_ring, makhleb_heckhound_becter, minmay_strange_pillars,
          nzn_random_ring
Temple:   nicolae_temple_elliptical

Skill      XL: |  1  2  3  4  5  6  7  8  9 |
---------------+----------------------------+-----
Conjurations   | 2 3 4 6 8 9 |  9.2
Air Magic      | 5 6 7 9 10 | 10.4
Dodging        | 3 |  3.0
Armour         | 1 |  1.0
Spellcasting   | 3 4 5 6 |  6.6
Fighting       | 1 |  1.0
Stealth        | |  2.5
Unarmed Combat | |  0.3

Action                   |  1- 3 |  4- 6 |  7- 9 || total
-------------------------+-------+-------+-------++-------
Melee: Unarmed           |    27 |    26 |       ||    53
       Kick              |     7 |    15 |    33 ||    55
       Peck              |     3 |     6 |    13 ||    22
       Punch             |     1 |     1 |     1 ||     3
       Staff             |       |    14 |    89 ||   103
 Cast: Shock             |    58 |   136 |   173 ||   367
       Airstrike         |       |     3 |     6 ||     9
       Static Discharge  |       |       |    13 ||    13
  Use: Scroll            |       |     4 |     2 ||     6
       Potion            |       |       |     2 ||     2
 Stab: Sleeping          |       |       |     1 ||     1
Armor: Robe              |     7 |    12 |    26 ||    45
Dodge: Dodged            |    22 |    41 |   107 ||   170
